 Dungeon Crawl Stone Soup version 0.19-a0-1882-gbb73ea0 (webtiles) character file.

7440 holy777 the Merchant of Misery (level 10, -5/70 HPs)
             Began as a Mummy Necromancer on Oct 14, 2016.
             Was a Believer of Kikubaaqudgha.
             Slain by a rakshasa
             ... wielding a +0 trident
              (11 damage)
             ... on level 13 of the Dungeon.
             The game lasted 00:39:50 (12697 turns).

holy777 the Merchant of Misery (Mummy Necromancer) Turns: 12697, Time: 00:39:51

Health: -5/70      AC: 15    Str: 12    XL:     10   Next: 93%
Magic:  30/30      EV: 15    Int: 18    God:    Kikubaaqudgha [**....]
Gold:   636        SH:  0    Dex: 12    Spells: 8 memorised, 1 level left

rFire  x . .     SeeInvis .     g - +5 war axe (venom)
rCold  + + .     Gourm    .     h - +2 robe {rC+}
rNeg   + + +     Faith    .     (no shield)
rPois  ∞         Spirit   .     F - +2 helmet
rElec  .         Dismiss  .     z - +1 cloak
rCorr  .         Reflect  .     (no gloves)
MR     +....     Harm     .     (no boots)
Stlth  ++........               (no amulet)
                                x - ring of magical power
                                e - +6 ring of protection

@: no status effects
A: no food or potions, fire vulnerability, cold resistance 1, negative energy
resistance 3, torment resistance, unbreathing
a: Receive Corpses, Renounce Religion


You were on level 13 of the Dungeon.
You worshipped Kikubaaqudgha.
Kikubaaqudgha was pleased with you.
You were not hungry.

You visited 2 branches of the dungeon, and saw 12 of its levels.

You collected 636 gold pieces.

Inventory:

Hand Weapons
 g - a +5 war axe of venom (weapon)
 n - a +0 vampiric dagger
 o - a +2 whip of flaming
 s - a +4 short sword of flaming
Missiles
 d - 311 stones (quivered)
 f - 6 javelins of penetration
 i - 32 poisoned needles
Armour
 h - a +2 robe of cold resistance (worn)
 k - a +1 robe of fire resistance
 z - a +1 cloak (worn)
 B - a +1 robe of positive energy
 C - a +0 hat
 F - a +2 helmet (worn)
Jewellery
 e - a +6 ring of protection (left hand)
 t - an uncursed ring of protection from fire
 x - a ring of magical power (right hand)
Wands
 A - a wand of polymorph (12/24)
Scrolls
 c - 5 scrolls of remove curse
 l - a scroll of noise {unknown}
 q - 3 scrolls of recharging
 u - 2 scrolls of brand weapon
 v - a scroll of vulnerability {unknown}
 D - a scroll of magic mapping {unknown}
 G - a scroll of enchant armour {unknown}
Books
 b - a book of Necromancy

   Spells                             Type                      Level
   a - Pain                           Necromancy                   1
   b - Animate Skeleton               Necromancy                   1
   c - Vampiric Draining              Necromancy                   3
   d - Regeneration                   Charms/Necromancy            3
   e - Animate Dead                   Necromancy                   4
   f - Control Undead                 Necromancy                   4
 j - a book of Maledictions

   Spells                             Type                      Level
   a - Corona                         Hexes                        1
   b - Ensorcelled Hibernation        Hexes/Ice                    2
   c - Confuse                        Hexes                        3
   d - Tukima's Dance                 Hexes                        3
   e - Dazzling Spray                 Conjuration/Hexes            3
 r - Kikubaaqudgha's Disquisition on Evil Rituals
   (Kikubaaqudgha gifted it to you on level 7 of the Dungeon)

   Spells                             Type                      Level
   a - Animate Skeleton               Necromancy                   1
   b - Pain                           Necromancy                   1
   c - Corpse Rot                     Necromancy                   2
   d - Vampiric Draining              Necromancy                   3
   e - Control Undead                 Necromancy                   4
 y - a book of Flames

   Spells                             Type                      Level
   a - Flame Tongue                   Conjuration/Fire             1
   b - Throw Flame                    Conjuration/Fire             2
   c - Conjure Flame                  Conjuration/Fire             3
   d - Inner Flame                    Hexes/Fire                   3
   e - Sticky Flame                   Conjuration/Fire             4
   f - Fireball                       Conjuration/Fire             5
 E - a book of Death

   Spells                             Type                      Level
   a - Corpse Rot                     Necromancy                   2
   b - Sublimation of Blood           Necromancy                   2
   c - Agony                          Necromancy                   5
   d - Dispel Undead                  Necromancy                   5
   e - Excruciating Wounds            Charms/Necromancy            5
   f - Bolt of Draining               Conjuration/Necromancy       5


   Skills:
 + Level 3.2 Fighting
 + Level 1.2 Short Blades
 + Level 4.7(4.8) Axes
 + Level 0.7(3.0) Maces & Flails
 + Level 0.5 Throwing
 * Level 6.3 Dodging
 - Level 1.5 Stealth
 * Level 7.7 Spellcasting
 + Level 0.1 Conjurations
 + Level 11.1 Necromancy
 + Level 0.1 Ice Magic


You had one spell level left.
You knew the following spells:

 Your Spells              Type           Power        Failure   Level  Hunger
a - Pain                  Necr           ####         1%          1    N/A
b - Conjure Flame         Conj/Fire      #.......     30%         3    N/A
c - Vampiric Draining     Necr           #####.....   1%          3    N/A
d - Animate Dead          Necr           N/A          1%          4    N/A
e - Ensorcelled Hibernat  Hex/Ice        #.....       14%         2    N/A
f - Dazzling Spray        Conj/Hex       #.....       30%         3    N/A
g - Tukima's Dance        Hex            #.......     34%         3    N/A
h - Control Undead        Necr           #####.....   1%          4    N/A

Dungeon Overview and Level Annotations

Branches:
Dungeon (10/15)            Temple (1/1) D:7            Lair (0/6) D:8
    Orc: D:9-12

Altars:
Ashenzari
Cheibriados
Dithmenos
Elyvilon
Fedhas
Gozag
Kikubaaqudgha
Nemelex Xobeh
Qazlal
Ru
Trog
Uskayaw
Vehumet
Xom
The Shining One

Annotations:
D:10 Gastronok


Innate Abilities, Weirdness & Mutations

You do not eat or drink.
Your flesh is vulnerable to fire.
You are immune to poison.
Your flesh is cold resistant. (rC+)
You are immune to negative energy. (rN+++)
You are immune to unholy pain and torment.
You can survive without breathing.


Message History

Aiming: Vampiric Draining
Press: ? - help, Shift-Dir - straight line, f - rakshasa
Aim: a rakshasa, wielding a trident and wearing a robe (severely wounded, poisoned)
You can't drain life from that!
Casting: Vampiric Draining
Confirm with . or Enter, or press ? or * to list all spells.
Aiming: Vampiric Draining
Press: ? - help, Shift-Dir - straight line, f/p - rakshasa
Aim: a rakshasa, wielding a trident and wearing a robe (severely wounded, poisoned)
You can't drain life from that!
Casting: Vampiric Draining
Confirm with . or Enter, or press ? or * to list all spells.
Aiming: Vampiric Draining
Press: ? - help, Shift-Dir - straight line, f/p - rakshasa
Aim: a rakshasa, wielding a trident and wearing a robe (severely wounded, poisoned)
You can't drain life from that!
As you read the scroll of fog, it crumbles to dust.
The scroll dissolves into smoke.
The rakshasa hits you with a trident!
You die...
Kikubaaqudgha rasps: "You have failed me!
Welcome... oblivion!"

#.....#
#.#.#.# .....#
#.#.####+##
..........
#####.........
+§§@#.........
###RRR........
###§........
#.###.....
#.#⌠#..###
#.###..#
#......#
###....# #####


You could see 3 rakshasas.

Vanquished Creatures
  Erica (D:9)
  Pikel (D:6)
  An ugly thing (D:9)
  A troll (D:9)
  A two-headed ogre (D:9)
  3 hippogriffs
  Sigmund (D:3)
  A wyvern (D:8)
  3 yaks (D:5)
  A spriggan (D:7)
  Duvessa (D:7)
  2 sky beasts (D:9)
  2 slaves (D:6)
  3 ice beasts
  2 orc warriors
  A necrophage (D:9)
  2 phantoms
  A centaur (D:6)
  An ogre (D:7)
  2 big kobolds (D:7)
  3 bullfrogs
  4 scorpions
  Dowan (D:7)
  17 killer bees
  7 wights
  A howler monkey (D:5)
  7 crimson imps
  3 hounds
  Crazy Yiuf (D:7)
  5 jellies
  A gnoll shaman (D:6)
  2 orc priests
  2 bullfrog skeletons
  2 iguanas
  7 orc wizards
  11 worker ants
  A killer bee zombie (D:6)
  A hound skeleton (D:9)
  A mummy (D:6)
  A howler monkey zombie (D:5)
  3 howler monkey skeletons
  9 gnolls
  10 adders
  An adder zombie (D:6)
  4 worms
  A dart slug (D:5)
  6 leopard geckos
  23 orcs
  A ball python (D:8)
  10 giant cockroaches
  5 goblins
  7 hobgoblins
  3 jackals (D:6)
  4 quokkas
  4 bats
  9 frilled lizards
  A jackal zombie (D:5)
  15 kobolds
  A leopard gecko skeleton (D:5)
  A leopard gecko zombie (D:5)
  6 rats
233 creatures vanquished.

Vanquished Creatures (collateral kills)
  An orc warrior (D:6)
  A wight (D:7)
  A killer bee (D:7)
  A hound (D:5)
  A kobold (D:7)
  A quokka (D:9)
6 creatures vanquished.

Vanquished Creatures (others)
  A slave (D:6)
  A scorpion (D:6)
  An ooze (D:6)
3 creatures vanquished.

Grand Total: 242 creatures vanquished

Notes
Turn   | Place    | Note
-------+----------+-------------------------------------------
     0 | D:1      | holy777 the Mummy Necromancer began the quest for the Orb.
     0 | D:1      | Reached XP level 1. HP: 13/13 MP: 3/3
   341 | D:1      | Reached XP level 2. HP: 14/19 MP: 1/5
   351 | D:1      | Learned a level 1 spell: Animate Skeleton
  1330 | D:2      | Found a hide-covered altar of Uskayaw.
  1341 | D:2      | Found a blossoming altar of Fedhas.
  1431 | D:2      | Found a sparkling altar of Nemelex Xobeh.
  1948 | D:2      | Reached XP level 3. HP: 24/24 MP: 1/6
  2060 | D:2      | Learned a level 3 spell: Vampiric Draining
  2220 | D:2      | Reached skill level 5 in Necromancy
  2334 | D:2      | Found a faded altar of an unknown god.
  2334 | D:2      | Found a faded altar of an unknown god.
  2342 | D:2      | Found an opulent altar of Gozag.
  2344 | D:2      | Found a faded altar of an unknown god.
  2346 | D:2      | Found a faded altar of an unknown god.
  2519 | D:3      | Reached XP level 4. HP: 19/30 MP: 0/8
  2981 | D:3      | Noticed Sigmund
  3240 | D:4      | Learned a level 4 spell: Animate Dead
  3301 | D:4      | Reached XP level 5. HP: 33/35 MP: 2/9
  3887 | D:4      | Found a sacrificial altar of Ru.
  4366 | D:3      | Reached XP level 6. HP: 36/41 MP: 8/11
  4480 | D:3      | Killed Sigmund
  4480 | D:3      | Reached skill level 1 in Axes
  4480 | D:3      | Reached skill level 6 in Necromancy
  4859 | D:5      | Entered Level 5 of the Dungeon
  4872 | D:5      | Learned a level 2 spell: Ensorcelled Hibernation
  4885 | D:5      | Reached XP level 7. HP: 34/47 MP: 5/12
  5323 | D:5      | Noticed a yak
  5324 | D:5      | Noticed a yak
  5326 | D:5      | Noticed a yak
  5327 | D:5      | Noticed a yak
  5328 | D:5      | Learned a level 3 spell: Dazzling Spray
  5331 | D:5      | Found a stormy altar of Qazlal.
  5338 | D:5      | Noticed a yak
  5346 | D:5      | Killed a yak
  5354 | D:5      | Killed a yak
  5354 | D:5      | Reached skill level 1 in Fighting
  5354 | D:5      | Reached skill level 7 in Necromancy
  5703 | D:6      | Reached XP level 8. HP: 34/54 MP: 7/14
  6272 | D:6      | Noticed Pikel
  6291 | D:6      | Killed Pikel
  6291 | D:6      | Reached skill level 5 in Spellcasting
  6291 | D:6      | Reached skill level 8 in Necromancy
  6612 | D:6      | Learned a level 3 spell: Tukima's Dance
  6846 | D:5      | Reached XP level 9. HP: 32/61 MP: 17/17
  7768 | D:6      | Reached skill level 9 in Necromancy
  7869 | D:6      | Reached skill level 1 in Short Blades
  8090 | D:6      | Found a snail-covered altar of Cheibriados.
  8220 | D:7      | Noticed Dowan
  8353 | D:6      | Reached skill level 5 in Dodging
  8454 | D:7      | Killed Dowan
  8485 | D:7      | Found a staircase to the Ecumenical Temple.
  8504 | Temple   | Entered the Ecumenical Temple
  8517 | Temple   | Became a worshipper of Kikubaaqudgha
  8557 | D:7      | Noticed Duvessa
  9036 | D:7      | Killed Duvessa
  9401 | D:7      | Reached * piety under Kikubaaqudgha
  9401 | D:7      | Identified Kikubaaqudgha's Disquisition on Evil Rituals (Kikubaaqudgha gifted it to you on level 7 of the Dungeon)
  9401 | D:7      | Received a gift from Kikubaaqudgha
  9414 | D:7      | Reached XP level 10. HP: 49/68 MP: 11/19
  9501 | D:7      | Found a runed door.
  9625 | D:7      | Learned a level 4 spell: Control Undead
  9753 | D:7      | Reached skill level 10 in Necromancy
  9883 | D:7      | Noticed Crazy Yiuf
  9890 | D:7      | Killed Crazy Yiuf
  9954 | D:8      | Learned a level 1 spell: Flame Tongue
  9996 | D:8      | Found a staircase to the Lair.
 10659 | D:8      | Found a shadowy altar of Dithmenos.
 11305 | D:9      | Reached ** piety under Kikubaaqudgha
 11591 | D:9      | Noticed a cyan ugly thing
 11602 | D:9      | Killed a cyan ugly thing
 11780 | D:9      | Noticed Erica
 11804 | D:9      | Killed Erica
 11804 | D:9      | Reached skill level 11 in Necromancy
 12549 | D:10     | Entered Level 10 of the Dungeon
 12553 | D:10     | Noticed Gastronok
 12675 | D:10     | Learned a level 3 spell: Conjure Flame
 12676 | D:10     | You fall through a shaft for 3 floors!
 12676 | D:13     | Noticed a rakshasa
 12697 | D:13     | Slain by a rakshasa

Vault maps used:
D:1:      minmay_arrival_shattered_statue, nrook_uturn
D:2:      chequers_temple_overflow_minitemple, nemelex_altar_shiori,
          grunt_temple_overflow_open, serial_glass, glass_columns_b,
          glass_columns_a, serial_bayou_pond_a
D:3:      uniq_sigmund
D:4:      nicolae_ru_the_path_less_chosen, serial_glass, glass_columns_b,
          glass_columns_a, first_bread
D:5:      lemuel_doored_altar
D:6:      slow_altar_1, uniq_pikel
D:7:      the_bakery, uniq_duvessa, uniq_crazy_yiuf_cottage
D:8:      grunt_dithmenos_smoke_and_mirrors, lair_0_dummy
D:9:      kennysheep_generic_room_7, uniq_erica
D:10:     stair_cage_line, small_chamber_with_monster, uniq_josephine,
          uniq_gastronok, uniq_erolcha
D:13:     hangedman_vaults_entry_quadrant_bands, basic_altar, serial_glass,
          glass_columns_a, glass_columns_b, glass_columns_b, glass_columns_a,
          glass_columns_a, glass_columns_c, glass_columns_a, glass_columns_a,
          feat_on_display
Temple:   dshaligram_water_room_temple

Skill      XL: |  1  2  3  4  5  6  7  8  9 10 |
---------------+-------------------------------+-----
Necromancy     | 5 6 7 8 9 11 | 11.1
Dodging        | 2 3 4 5 6 |  6.3
Spellcasting   | 3 4 5 6 7 |  7.7
Axes           | 1 2 3 4 |  4.7
Fighting       | 1 2 3 |  3.2
Short Blades   | 1 |  1.2
Maces & Flails | |  0.7
Throwing       | |  0.5
Stealth        | |  1.5
Conjurations   | |  0.1
Ice Magic      | |  0.1

Action                   |  1- 3 |  4- 6 |  7- 9 | 10-12 || total
-------------------------+-------+-------+-------+-------++-------
Melee: Unarmed           |     8 |       |       |       ||     8
       Mace              |    18 |       |       |       ||    18
       Club              |     5 |       |       |       ||     5
       Spear             |    10 |       |       |       ||    10
       Dagger            |     2 |    32 |   406 |       ||   440
       War axe           |       |    49 |   263 |   135 ||   447
       Whip              |       |       |    11 |       ||    11
Throw: Stone             |    15 |    14 |    27 |       ||    56
 Cast: Pain              |    62 |    48 |   133 |    98 ||   341
       Animate Skeleton  |     2 |     1 |       |       ||     3
       Vampiric Draining |     1 |     1 |    19 |    32 ||    53
       Animate Dead      |       |     7 |    24 |    25 ||    56
       Ensorcelled Hiber |       |       |     2 |       ||     2
       Dazzling Spray    |       |       |     1 |     1 ||     2
       Tukima's Dance    |       |       |     1 |       ||     1
       Control Undead    |       |       |       |     3 ||     3
  Use: Scroll            |     7 |       |     8 |    11 ||    26
 Stab: Sleeping          |     1 |     5 |     2 |     3 ||    11
       Distracted        |       |     1 |     2 |       ||     3
       Invisible         |       |       |     1 |       ||     1
Armor: Robe              |    11 |    29 |   241 |    81 ||   362
Dodge: Dodged            |    38 |    51 |   504 |   181 ||   774
